 Dungeon Crawl Stone Soup version 0.31.0-32-g396128a36d (webtiles) character file.

Game seed: 10968379825596420608

1589 GlitchLich the Reanimator (level 8, -3/62 HPs)
             Began as a Demonspawn Necromancer on Mar 19, 2024.
             Slain by Prince Ribbit (5 damage)
             ... on level 6 of the Dungeon.
             The game lasted 00:15:10 (7967 turns).

GlitchLich the Reanimator (Demonspawn Necromancer)  Turns: 7967, Time: 00:15:11

Health: -3/62      AC:  6    Str: 11    XL:     8   Next: 61%
Magic:  10/11      EV: 14    Int: 15    God:
Gold:   356        SH:  0    Dex: 22    Spells: 6/11 levels left

rFire   . .          .
                       - Unarmed
rCold   . . .        (no shield)
rNeg    . . .        f - +0 robe {Will+}
rPois   +            (no helmet)
rElec   .            s - +0 cloak
rCorr   .            (no gloves)
SInv    .            j - +2 pair of boots
Will    +....        m - amulet of magic regeneration
Stlth   +++          D - +6 ring of dexterity
HPRegen 0.30/turn    P - ring of poison resistance
MPRegen 0.52/turn

%: no passive effects
@: no status effects
A: claws 2, thin skeletal structure 1, powered by death 1, demonic magic 1
a: no special abilities


You were on level 6 of the Dungeon.
You visited 2 branches of the dungeon, and saw 8 of its levels.

You collected 356 gold pieces.


Innate Abilities, Weirdness & Mutations

You have very sharp fingernails.
You have a somewhat thin skeletal structure. (Dex +2, Stealth+)
You regenerate a little health from kills.
Spells you cast may paralyse adjacent enemies.


   Skills:
 - Level 5.0 Fighting
 + Level 3.0 Dodging
 - Level 1.7 Stealth
 + Level 5.6 Unarmed Combat
 - Level 2.0 Spellcasting
 + Level 8.5 Necromancy


You had 6 spell levels left.
You knew the following spells:

 Your Spells              Type           Power      Damage    Failure   Level
a - Animate Dead          Necr           27%        N/A       7%          4
X - Necrotise             Necr           100%       1d9       1%          1

Your spell library contained the following spells:

 Spells                   Type           Power      Damage    Failure   Level
 Vampiric Draining        Necr           27%        2d7       1%          3
 Curse of Agony           Necr           27%        N/A       19%         5
 Mercury Vapours          Alch/Air       2%         N/A       32%         2
 Gell's Gravitas          Tloc           1%         N/A       54%         3
 Mephitic Cloud           Conj/Alch/Air  1%         N/A       54%         3
 Teleport Other           Tloc           1%         N/A       54%         3
 Vhi's Electric Charge    Tloc/Air       2%         N/A       91%         4
 Arcjolt                  Conj/Air       0%         1d10      99%         5
 Freezing Cloud           Conj/Ice/Air   0%         6-21      99%         5
 Dispersal                Tloc           0%         N/A       100%        6
 Plasma Beam              Fire/Air       0%         2x1d10    100%        6

Inventory:

Hand Weapons
 e - a +0 whip
Armour
 f - a +0 robe of willpower (worn)
 j - a +2 pair of boots (worn)
 s - a +0 cloak (worn)
Jewellery
 m - an amulet of magic regeneration (around neck)
 v - a ring of see invisible
 C - a ring of ice
 D - a +6 ring of dexterity (left claw)
 L - a ring of flight
 P - a ring of poison resistance (right claw)
 R - a ring of resist corrosion
Wands
 g - a wand of iceblast (6)
 p - a wand of mindburst (21)
Scrolls
 d - 10 scrolls of identify {unknown}
 h - a scroll of poison {unknown}
 i - a scroll of teleportation {unknown}
 o - a scroll of fog {unknown}
 q - a scroll of fear {unknown}
 r - 2 scrolls of vulnerability {unknown}
 t - a scroll of immolation {unknown}
 w - a scroll of enchant armour {unknown}
 x - a scroll of noise {unknown}
Potions
 b - a potion of magic
 c - a potion of haste {unknown}
 l - a potion of attraction {unknown}
 n - 3 potions of curing {unknown}
 u - a potion of might {unknown}

Dungeon Overview and Level Annotations

Branches:
Dungeon (7/15)             Temple (1/1) D:6

Altars:
Ashenzari
Cheibriados
Fedhas
Gozag
Hepliaklqana
Makhleb
Nemelex Xobeh
Ru
Sif Muna
Trog
Uskayaw
Vehumet
Wu Jian
Xom
Yredelemnul

Annotations:
D:6 Prince Ribbit

##################
....Wg..........@#
...######..#####F#
...#≈≈≈≈#..##....#
.#.#≈>.≈#..##.##.#
.#.#≈§⚑≈#..#..##.#######
.#.# ≈≈≈#........#.....#
.#.####'#.##.###.#.###.#
.#.................# #.#
....##)#.###.###.#####.#


You could see Prince Ribbit.


Message History

Prince Ribbit catches a centipede with his tongue.
Prince Ribbit closely misses you.
You barely miss Prince Ribbit.
Prince Ribbit is almost dead.
Prince Ribbit hits you!
* * * LOW HITPOINT WARNING * * *
Prince Ribbit barely misses you.
Unknown command.
You scratch Prince Ribbit.
Prince Ribbit is almost dead.
Prince Ribbit blinks!
You climb downwards.
There is a stone staircase leading up here.
You start resting.
A steam dragon is nearby!
You climb upwards.
Level annotation: Prince Ribbit Prince Ribbit hits you.
* * * LOW HITPOINT WARNING * * *
Prince Ribbit barely misses you.
There is a stone staircase leading down, spattered with blood here.
Okay, then.
Casting: Necrotise (safe; 1% risk of failure)
Confirm with . or Enter, or press ? or * to list all spells.
Aiming: Necrotise (safe; 1% risk of failure)
Press: ? - help, Shift-Dir - straight line, f - Prince Ribbit
Aim: Prince Ribbit (almost dead, chance to affect: 70%) Prince Ribbit struggles to resist.
Malevolent energies surge around you. Prince Ribbit misses you.
Prince Ribbit hits you.
You die...

Skill      XL: |  1  2  3  4  5  6  7  8 |
---------------+-------------------------+-----
Fighting       | 1 2 4 5 |  5.0
Unarmed Combat | 1 3 4 5 |  5.6
Necromancy     | 5 6 7 8 |  8.5
Dodging        | 3 |  3.0
Stealth        | |  1.7
Spellcasting   | |  2.0

Action                     |  1- 3 |  4- 6 |  7- 9 || total
---------------------------+-------+-------+-------++-------
  Melee: Whip              |   100 |       |       ||   100
         Unarmed           |    33 |   186 |   167 ||   386
         Punch             |     1 |     6 |     5 ||    12
   Cast: Necrotise         |    25 |    18 |    31 ||    74
         Animate Dead      |       |       |     1 ||     1
   Stab: Sleeping          |     3 |     3 |     3 ||     9
         Paralysed         |       |     4 |     5 ||     9
         Distracted        |       |       |     1 ||     1
 Armour: Robe              |    95 |   121 |   124 ||   340
  Dodge: Dodged            |    95 |   126 |   121 ||   342

Levels and vault maps discovered:
D:1:      dpeg_arrival_round_a, layout_basic,
          hellmonk_ecumenical_altar_leap_of_faith
D:2:      layout_rooms
D:3:      layout_rooms, mainiacjoe_overflow_brackets,
          nicolae_yredelemnul_corpse_copse, mainiacjoe_overflow_paths
D:4:      layout_rooms, minivault_1, minmay_misc_feat_roman, grunt_ministairs_8,
          minmay_misc_feat_room, minmay_cupped, uniq_natasha
D:5:      layout_basic, nicolae_overflow_crystal_walls,
          nicolae_overflow_hidden_temple
D:6:      layout_basic, general_overflow_altar, minmay_temple_entry_crystal_x
D:7:      layout_rooms, lemuel_round_altar, zin_angel, gammafunk_ghost_hive,
          st_stairs_3, uniq_prince_ribbit1
Temple:   nicolae_temple_bog_church

Notes
Turn   | Place    | Note
-------+----------+-------------------------------------------
     0 | D:1      | GlitchLich the Demonspawn Necromancer began the quest for
                  | the Orb.
     0 | D:1      | Reached XP level 1. HP: 13/13 MP: 3/3
    61 | D:1      | Reached skill level 1 in Fighting
   366 | D:1      | Gained mutation: You have sharp fingernails. [demonic
                  | ancestry]
   366 | D:1      | Reached XP level 2. HP: 22/22 MP: 5/5
   483 | D:1      | Reached skill level 2 in Fighting
   639 | D:1      | Found a faded altar of an unknown god.
  1377 | D:2      | Noticed an ogre
  1550 | D:2      | Gained mutation: Spells you cast may paralyse adjacent
                  | enemies. [demonic ancestry]
  1550 | D:2      | Reached XP level 3. HP: 19/27 MP: 6/6
  1755 | D:1      | Reached skill level 1 in Unarmed Combat
  2212 | D:2      | Reached skill level 5 in Necromancy
  2577 | D:3      | Found a basalt altar of Yredelemnul.
  2589 | D:3      | Reached XP level 4. HP: 30/33 MP: 7/7
  2632 | D:3      | Reached skill level 2 in Unarmed Combat
  2967 | D:3      | Found a shimmering altar of Xom.
  3115 | D:3      | Found an ornate altar of the Wu Jian Council.
  3318 | D:4      | Reached skill level 3 in Unarmed Combat
  3368 | D:4      | Noticed Natasha
  3373 | D:4      | Killed Natasha
  3374 | D:4      | Gained mutation: You regenerate a little health from kills.
                  | [demonic ancestry]
  3374 | D:4      | Reached XP level 5. HP: 38/38 MP: 8/8
  3571 | D:4      | Noticed Natasha
  3823 | D:3      | Killed Natasha
  3824 | D:3      | Reached skill level 6 in Necromancy
  4057 | D:4      | Gained mutation: You have very sharp fingernails. [demonic
                  | ancestry]
  4057 | D:4      | Reached XP level 6. HP: 18/44 MP: 7/9
  4210 | D:4      | HP: 1/44 [orc/+1 vampiric trident (6)]
  4212 | D:4      | Reached skill level 7 in Necromancy
  4352 | D:4      | Reached skill level 3 in Fighting
  4477 | D:4      | You are sucked into a shaft and drop 3 floors!
  4853 | D:6      | Found a staircase to the Ecumenical Temple.
  4867 | Temple   | Entered the Ecumenical Temple
  4884 | D:5      | Entered Level 5 of the Dungeon
  4916 | D:5      | Reached skill level 4 in Fighting
  4916 | D:5      | Gained mutation: You have a somewhat thin skeletal
                  | structure. (Dex +2, Stealth+) [demonic ancestry]
  4916 | D:5      | Reached XP level 7. HP: 54/54 MP: 10/10
  4992 | D:5      | Learned a level 4 spell: Animate Dead
  5319 | D:5      | Reached skill level 4 in Unarmed Combat
  5520 | D:5      | Found an opulent altar of Gozag.
  5724 | D:5      | Found a shimmering blue altar of Sif Muna.
  5936 | D:4      | Reached skill level 8 in Necromancy
  6153 | D:2      | Reached XP level 8. HP: 15/60 MP: 9/11
  6373 | D:6      | Reached skill level 5 in Unarmed Combat
  6963 | D:6      | Found a sparkling altar of Nemelex Xobeh.
  7098 | D:6      | Reached skill level 5 in Fighting
  7098 | D:6      | Reached skill level 2 in Dodging
  7759 | D:7      | Reached skill level 3 in Dodging
  7805 | D:7      | Noticed Prince Ribbit
  7957 | D:6      | HP: 2/62 [Prince Ribbit (17)]
  7966 | D:6      | HP: 2/62 [Prince Ribbit (3)]
  7967 | D:6      | Slain by Prince Ribbit

Vanquished Creatures
  An ice beast (D:6)
  4 ogres
  A centaur (D:5)
  A phantom (D:6)
  A kobold brigand (D:5)
  A bullfrog (D:7)
  A scorpion (D:4)
  A bombardier beetle (D:4)
  A gnoll bouda (D:6)
  An orc priest (D:4)
  3 hounds
  2 sleepcaps
  6 iguanas
  Natasha (twice) (D:4 D:3)
  3 orc wizards
  15 gnolls
  6 adders
  A shadow imp (D:5)
  A white imp (D:6)
  An adder zombie (D:3)
  3 dart slugs
  18 orcs
  6 bats
  5 endoplasms
  3 giant cockroaches
  4 hobgoblins
  4 quokkas
  9 ball pythons
  3 frilled lizards
  A giant cockroach zombie (D:3)
  4 goblins
  A jackal zombie (D:3)
  9 kobolds
  4 rats (D:1)
127 creatures vanquished.

Vanquished Creatures (collateral kills)
  An orc (D:2)
  A rat (D:1)
2 creatures vanquished.

Grand Total: 129 creatures vanquished

Table legend: (Time is in decaauts)
 A = Elapsed time spent in this place.
 B = Non-inter-level travel time spent in this place.
 C = Inter-level travel time spent in this place.
 D = Time resting spent in this place.
 E = Time spent auto-exploring this place.
 F = Levels seen in this place.
 G = Mean time per level.
                   A        B        C        D        E       F      G
               +--------+--------+--------+--------+--------+-----+--------+
         Total |   7961 |   7401 |    560 |   2168 |   3776 |   8 |  995.1 |
       Dungeon |   7960 |   7401 |    559 |   2168 |   3776 |   7 | 1137.1 |
        Temple |      1 |      0 |      1 |      0 |      0 |   1 |    1.0 |
               +--------+--------+--------+--------+--------+-----+--------+

Top non-repeatable levels by time:
     D:5: 1587 daAuts
     D:2: 1346 daAuts
     D:1: 1339 daAuts
     D:6: 1325 daAuts
     D:3: 1146 daAuts
     D:4: 1085 daAuts
     D:7: 128 daAuts
  Temple: 1 daAuts

Table legend:
 A = Non-vault XP
 B = Vault XP
 C = Vault XP percentage of total XP
 D = Non-vault monster count
 E = Vault monster count
 F = Vault count percentage of total count
                 A         B        C        D         E       F
            +---------+---------+-------+---------+---------+-------
      Total |    2133 |     138 |   6.1 |     117 |      12 |   9.3
            +---------+---------+-------+---------+---------+-------
        D:1 |      47 |       0 |   0.0 |      24 |       0 |   0.0
        D:2 |     166 |       0 |   0.0 |      13 |       0 |   0.0
        D:3 |      80 |       8 |   9.1 |      17 |       3 |  15.0
        D:4 |     366 |     130 |  26.2 |      26 |       9 |  25.7
        D:5 |     811 |       0 |   0.0 |      22 |       0 |   0.0
        D:6 |     570 |       0 |   0.0 |      14 |       0 |   0.0
        D:7 |      93 |       0 |   0.0 |       1 |       0 |   0.0
            +---------+---------+-------+---------+---------+-------
